Map: Dusk Towers

Players

Chris (MCanning) - Winner!

  • Race: Protoss Protoss
  • League: Master

Breosith

  • Race: Zerg Zerg
  • League: Platinum

VOD

Have the link to the VOD?

Description

Time

  • Played on: Nov. 13, 2015, 12:17 a.m.
  • Length: 10:34
Show
View Real Time Build Order
Export as new Build Order

Chris Protoss - Winner!

Build Orders: Nexus First, Zealot Archon, Dark Templar Rush 

Get SALT Encoding   

  12  0:01  Probe (Chrono Boost)  
  13  0:12  Probe (Chrono Boost)  
  14  0:21  Pylon  
  14  0:22  Probe (Chrono Boost)  
  15  0:40  Probe (Chrono Boost)  
  16  0:50  Probe (Chrono Boost)  
  17  0:58  Nexus  
  17  1:09  Gateway  
  17  1:12  Probe (Chrono Boost)  
  18  1:22  Probe (Chrono Boost), Assimilator  
  19  1:27  Assimilator  
  20  1:33  Probe (Chrono Boost)  
  20  1:35  Pylon  
  20  1:43  Probe (Chrono Boost)  
  21  1:54  Probe (Chrono Boost)  
  22  2:03  Cybernetics Core  
  22  2:04  Probe (Chrono Boost)  
  23  2:11  Probe (Chrono Boost)  
  23  2:15  Probe (Chrono Boost)  
  25  2:22  Probe (Chrono Boost)  
  26  2:25  Probe (Chrono Boost), Zealot (Chrono Boost)  
  29  2:32  Probe (Chrono Boost)  
  29  2:36  Probe (Chrono Boost)  
  31  2:41  Probe (Chrono Boost)  
  31  2:42  Pylon  
  32  2:46  Warp Gate  
  32  2:47  Probe (Chrono Boost)  
  33  2:51  Stalker (Chrono Boost)  
  33  2:53  Probe (Chrono Boost)  
  36  2:59  Mothership Core (Chrono Boost)  
  36  3:03  Pylon  
  36  3:05  Probe (Chrono Boost)  
  39  3:11  Twilight Council  
  39  3:15  Probe (Chrono Boost)  
  39  3:17  Probe (Chrono Boost)  
  41  3:26  Probe (Chrono Boost)  
  42  3:28  Probe (Chrono Boost)  
  43  3:35  Assimilator  
  43  3:36  Probe (Chrono Boost)  
  43  3:38  Probe (Chrono Boost)  
  43  3:39  Assimilator  
  43  3:41  Pylon  
  45  3:46  Sentry  
  45  3:47  Probe (Chrono Boost)  
  48  3:49  Probe (Chrono Boost), Dark Shrine  
  49  3:57  Probe (Chrono Boost)  
  49  4:00  Probe (Chrono Boost)  
  51  4:08  Probe (Chrono Boost)  
  52  4:10  Probe (Chrono Boost)  
  52  4:12  Gateway x2  
  53  4:18  Probe (Chrono Boost)  
  53  4:20  Gateway x2  
  53  4:23  Gateway  
  54  4:33  Gateway  
  54  4:35  Gateway, Probe (Chrono Boost)  
  55  4:40  Gateway  
  55  4:46  Pylon  
  55  4:49  Probe (Chrono Boost)  
  56  4:55  Nexus  
  56  4:59  Pylon  
  56  5:14  Probe (Chrono Boost)  
  57  5:16  Pylon  
  57  5:28  Dark Templar x6  
  65  5:34  Dark Templar x2  
  73  5:57  Dark Templar  
  73  6:03  Robotics Facility  
  75  6:05  Pylon  
  75  6:07  Pylon  
  75  6:14  Dark Templar x2  
  79  6:22  Probe  
  76  6:26  Probe  
  76  6:28  Robotics Facility  
  76  6:30  Pylon  
  77  6:37  Probe  
  78  6:40  Archon  
  78  6:41  Probe  
  78  6:46  Probe  
  79  6:49  Probe  
  71  6:57  Immortal (Chrono Boost), Robotics Bay  
  71  7:00  Forge  
  71  7:02  Probe  
  71  7:06  Probe  
  71  7:11  Probe  
  71  7:14  Blink (Chrono Boost)  
  70  7:16  Pylon  
  70  7:17  Pylon  
  70  7:21  Stalker x3  
  70  7:22  Stalker x2  
  80  7:28  Probe  
  81  7:30  Assimilator  
  81  7:31  Pylon  
  81  7:33  Assimilator  
  81  7:35  Gateway  
  81  7:37  Gateway  
  81  7:40  Protoss Ground Weapons Level 1 (Chrono Boost)  
  81  7:42  Disruptor, Pylon  
  81  7:48  Adept x3  
  81  7:50  Probe  
  91  7:55  Adept  
  91  7:56  Adept x2  
  97  8:00  Probe  
  98  8:13  Disruptor  
  98  8:19  Stalker  
  103  8:20  Stalker x3  
  103  8:22  Probe  
  110  8:28  Probe  
  111  8:38  Probe  
  112  8:43  Stalker x4  
  112  8:44  Stalker x3  
  112  8:45  Disruptor  
  126  8:50  Pylon  
  129  9:05  Stalker x3  
  129  9:06  Stalker  
  137  9:13  Pylon  
  137  9:16  Disruptor  
  137  9:19  Dark Templar  
  137  9:21  Dark Templar  
  144  9:24  Pylon  
  140  9:41  Probe  
  140  9:44  Stalker x5  
  140  9:45  Stalker x2  
  153  9:47  Probe  
  153  9:49  Observer  
  153  9:55  Probe  
  153  9:56  Probe  
  155  10:03  Probe  
  146  10:16  Probe  
  146  10:18  Probe  
  146  10:19  Stalker x5  
  146  10:20  Stalker x4  
  146  10:22  Probe  
Show
View Real Time Build Order
Export as new Build Order

Breosith Zerg 

Build Orders: 3 Hatch before Pool, Swarm Host 

Get SALT Encoding   

  12  0:00  Drone  
  13  0:12  Overlord  
  13  0:17  Drone  
  14  0:30  Drone x2  
  14  0:34  Drone  
  17  0:44  Drone  
  18  0:56  Hatchery  
  17  0:58  Drone  
  18  1:06  Drone  
  19  1:17  Drone  
  20  1:25  Hatchery  
  19  1:29  Drone  
  20  1:36  Extractor  
  19  1:41  Spawning Pool  
  19  1:43  Drone  
  19  1:49  Drone  
  20  2:00  Drone  
  21  2:10  Drone  
  21  2:11  Drone  
  23  2:19  Drone  
  23  2:22  Overlord  
  24  2:28  Queen x2  
  28  2:38  Queen  
  28  2:39  Zergling x4  
  28  2:43  Metabolic Boost  
  32  2:46  Drone  
  32  2:48  Drone  
  32  2:51  Drone  
  35  2:53  Drone  
  35  2:56  Zergling x2  
  35  2:58  Zergling x2  
  38  3:02  Drone  
  38  3:03  Drone  
  40  3:10  Overlord  
  40  3:14  Queen  
  42  3:20  Overlord  
  42  3:28  Lair  
  42  3:32  Drone  
  42  3:33  Drone x3  
  46  3:42  Drone x4  
  46  3:47  Spore Crawler  
  49  3:51  Spore Crawler  
  49  3:54  Spore Crawler, Drone  
  49  3:55  Drone  
  49  3:56  Drone  
  50  4:07  Drone x6  
  55  4:21  Roach Warren, Extractor x2  
  55  4:23  Drone  
  55  4:24  Drone x4  
  57  4:26  Overlord, Extractor  
  57  4:31  Overlord x2  
  56  4:48  Overlord, Drone  
  57  5:01  Roach  
  57  5:02  Roach x7  
  57  5:06  Roach  
  57  5:07  Overlord, Roach x3  
  79  5:09  Glial Reconstitution  
  79  5:13  Overseer  
  81  5:23  Overlord x2  
  81  5:28  Drone x7  
  88  5:32  Extractor x2  
  88  5:34  Drone  
  87  5:43  Drone  
  87  5:44  Drone x5  
  93  5:55  Pneumatized Carapace  
  93  5:57  Zergling x12  
  97  6:06  Overlord, Zergling x2  
  97  6:07  Zergling x6  
  101  6:12  Infestation Pit  
  101  6:14  Evolution Chamber  
  101  6:16  Evolution Chamber  
  98  6:20  Overseer  
  98  6:26  Overseer  
  98  6:34  Spore Crawler  
  94  6:46  Drone  
  92  6:47  Drone x4, Zergling x12  
  91  6:59  Hatchery  
  88  7:07  Overlord, Drone  
  86  7:13  Drone x4  
  88  7:43  Hive  
  88  7:47  Zerg Melee Weapons Level 1  
  88  7:51  Hatchery, Zerg Ground Armor Level 1  
  87  8:31  Hatchery, Drone  
  87  8:32  Drone x7  
  94  8:40  Drone  
  95  8:47  Swarm Host  
  95  8:48  Swarm Host x2  
  101  8:50  Burrow  
  104  9:05  Spore Crawler  
  104  9:06  Spore Crawler, Spine Crawler  
  104  9:08  Spine Crawler  
  100  9:11  Swarm Host x2  
  100  9:12  Swarm Host, Ultralisk Cavern  
  100  9:15  Ravager x3  
  100  9:16  Ravager  
  113  9:17  Ravager x3  
  113  9:19  Ravager x2  
  113  9:20  Ravager  
  115  9:34  Zergling x4  
  115  9:35  Zergling x12  
  104  9:43  Swarm Host  
  104  9:44  Swarm Host  
  105  9:58  Zergling x4  
  105  9:59  Zergling x6  
Tags
 
Add a new tag
Caveats
  • Supply blocks, unpowered buildings, or Contaminate may cause inaccurate times.
  • Supply counts are checked every 10 seconds.